Map: [ESL] Stargazers

Players

Classic

  • Race: Protoss Protoss
  • Spawn Location: 1:00

Spirit (souL) - Winner!

  • Race: Terran Terran
  • Spawn Location: 11:00

VOD

Have the link to the VOD?

Description

Time

  • Played on: Oct. 23, 2022, 6:19 p.m.
  • Length: 7:51
Show
View Real Time Build Order
Export as new Build Order

Classic Protoss 

Build Orders: Oracle Opening, Dark Templar Rush 

Get SALT Encoding   

  12  0:00  Probe  
  13  0:12  Probe  
  14  0:19  Pylon  
  14  0:25  Probe  
  15  0:37  Probe (Chrono Boost)  
  15  0:38  Gateway  
  16  0:46  Probe (Chrono Boost), Assimilator  
  17  0:51  Probe (Chrono Boost)  
  17  0:54  Assimilator  
  18  1:03  Probe (Chrono Boost)  
  19  1:06  Pylon  
  19  1:15  Probe (Chrono Boost)  
  20  1:20  Probe (Chrono Boost)  
  21  1:25  Cybernetics Core  
  21  1:29  Probe  
  21  1:30  Zealot  
  24  1:41  Probe  
  25  2:02  Stargate  
  25  2:04  Stalker  
  27  2:20  Nexus  
  27  2:25  Pylon  
  27  2:27  Warp Gate  
  27  2:31  Probe  
  28  2:43  Oracle (Chrono Boost), Probe  
  32  2:52  Twilight Council  
  32  3:02  Stalker  
  33  3:10  Probe  
  32  3:22  Probe  
  33  3:33  Probe (Chrono Boost)  
  34  3:34  Probe (Chrono Boost)  
  35  3:43  Dark Shrine, Probe x2 (Chrono Boost)  
  37  3:48  Probe x2 (Chrono Boost)  
  39  4:01  Probe x2  
  41  4:13  Probe x2  
  43  4:17  Nexus  
  43  4:19  Pylon  
  43  4:26  Probe x2  
  43  4:30  Gateway  
  45  4:38  Gateway, Blink (Chrono Boost)  
  45  4:43  Probe  
  45  4:44  Probe  
  47  4:52  Assimilator  
  47  4:55  Dark Templar  
  47  4:57  Probe x2  
  51  5:04  Pylon  
  51  5:09  Probe x2  
  53  5:15  Gateway  
  53  5:17  Gateway  
  54  5:21  Probe x2  
  54  5:27  Forge  
  55  5:29  Probe (Chrono Boost)  
  55  5:33  Dark Templar, Probe (Chrono Boost)  
  55  5:34  Probe (Chrono Boost)  
  60  5:41  Probe (Chrono Boost)  
  61  5:45  Probe x2 (Chrono Boost)  
  61  5:48  Probe (Chrono Boost)  
  64  5:50  Probe x2 (Chrono Boost)  
  64  5:53  Gateway  
  64  5:54  Gateway  
  64  5:55  Gateway  
  66  5:57  Probe  
  66  6:00  Probe  
  68  6:07  Stalker x2  
  72  6:23  Stalker x3  
  78  6:26  Pylon  
  78  6:28  Pylon  
  78  6:43  Probe  
  78  6:44  Probe x2  
  78  6:45  Photon Cannon  
  69  6:54  Stalker x7  
  75  7:00  Probe x3  
  86  7:01  Stalker  
  86  7:05  Pylon  
  88  7:08  Robotics Facility  
  77  7:19  Probe x3  
  79  7:29  Pylon  
Show
View Real Time Build Order
Export as new Build Order

Spirit Terran - Winner!

Build Orders: Reaper Expand 

Get SALT Encoding   

  12  0:00  SCV  
  13  0:12  SCV  
  14  0:17  Supply Depot  
  14  0:25  SCV  
  15  0:39  SCV, Barracks  
  16  0:43  Refinery  
  16  0:51  SCV  
  17  1:03  SCV  
  18  1:15  SCV  
  19  1:26  Reaper  
  19  1:27  Orbital Command  
  20  1:40  Command Center  
  20  1:52  Supply Depot  
  20  1:53  SCV  
  21  1:58  Marine  
  22  2:03  Bunker  
  22  2:07  SCV  
  23  2:15  Factory  
  23  2:20  SCV  
  25  2:24  Barracks Reactor  
  25  2:29  Refinery  
  24  2:32  SCV  
  25  2:44  SCV  
  26  2:56  SCV  
  27  3:00  Marine x2  
  27  3:01  Widow Mine  
  27  3:04  Orbital Command  
  31  3:09  SCV  
  32  3:18  Marine x2  
  34  3:20  Starport  
  34  3:21  SCV  
  34  3:25  Factory Tech Lab  
  34  3:30  SCV  
  34  3:33  SCV  
  36  3:36  Marine x2  
  38  3:43  SCV  
  38  3:48  Supply Depot  
  42  3:49  SCV  
  42  3:50  Siege Tank  
  42  3:54  Marine  
  42  3:55  Barracks  
  44  3:57  SCV  
  44  4:04  SCV  
  44  4:09  SCV  
  46  4:15  Supply Depot  
  46  4:26  Barracks  
  46  4:30  Engineering Bay  
  46  4:31  SCV x2  
  46  4:34  Supply Depot, Marine x2  
  50  4:43  SCV x2, Factory Reactor, Starport Reactor  
  52  4:48  Stimpack  
  52  4:49  Marauder  
  52  4:52  Marine x2  
  55  4:56  SCV x2, Missile Turret  
  55  4:58  Terran Infantry Weapons Level 1  
  55  5:08  SCV x2  
  55  5:09  Marine  
  55  5:10  Marauder  
  60  5:19  Refinery, Barracks Tech Lab  
  60  5:20  Refinery, SCV x2  
  60  5:21  Supply Depot  
  62  5:23  Supply Depot  
  62  5:25  Medivac  
  62  5:27  Medivac  
  66  5:32  SCV  
  66  5:33  Armory  
  67  5:36  SCV  
  67  5:40  Widow Mine  
  72  5:43  Widow Mine  
  72  5:44  SCV, Marine  
  72  5:47  Marine  
  72  5:48  SCV, Marine  
  77  5:50  Combat Shield  
  77  5:54  Marauder  
  77  5:56  SCV  
  80  6:00  SCV  
  80  6:01  Widow Mine  
  80  6:03  Marine  
  86  6:04  Widow Mine  
  86  6:12  Supply Depot x2, Medivac  
  86  6:17  Missile Turret  
  89  6:20  Marine  
  89  6:24  Medivac  
  94  6:31  Widow Mine  
  92  6:33  Marine  
  92  6:34  Command Center  
  91  6:40  Marine  
  91  6:42  Medivac  
  94  6:47  Marauder, Marine  
  94  6:53  Widow Mine  
  97  7:02  Medivac  
  97  7:05  Marauder, Marine  
  102  7:09  Marauder  
  102  7:12  Marine  
  102  7:14  SCV  
  104  7:20  Widow Mine  
  104  7:21  Widow Mine  
  108  7:23  Marine  
  108  7:29  Marine  
Tags
 
Add a new tag
Caveats
  • Supply blocks, unpowered buildings, or Contaminate may cause inaccurate times.
  • Supply counts are checked every 10 seconds.